 Dungeon Crawl Stone Soup version 0.31-a0-4-gefa6de2278 (webtiles) character file.

Game seed: 13455257096851611365

29808 NateTC the Basher (level 13, -4/88 HPs)
             Began as a Gargoyle Fighter on May 4, 2023.
             Was a Believer of Ashenzari.
             Slain by a cane toad (15 damage)
             ... on level 4 of the Lair of Beasts.
             The game lasted 00:28:57 (14810 turns).

NateTC the Basher (Gargoyle Fighter)               Turns: 14810, Time: 00:28:57

Health: -4/88      AC: 34    Str: 24    XL:     13   Next: 47%
Magic:  13/13      EV:  7    Int: 10    God:    Ashenzari [**....]
Gold:   953        SH: 14    Dex: 14    Spells: 12/12 levels left

rFire   + . .        C - +0 morningstar
rCold   x . .        c - +1 buckler
rNeg    + . .        A - +0 plate armour "Chagrin of Ashenzari" {Fly rElec rF+ rC-, Self, Range} (curse)
rPois   ∞            v - +0 hat "Gaze Upon Infinity" {Will+, Alch, Fort} (curse)
rElec   +            t - +2 cloak of the Eye in the Sky {Will+, Evo, Alch} (curse)
rCorr   .            (no gloves)
SInv    +            p - +2 pair of boots {rampage}
Will    ++...        j - amulet of the Bound Annoyance {Reflect Regen+ Dex+5 SH+5 Stlth-, Bglg, Self} (curse) Stlth
                     F - +4 ring of protection
HPRegen 1.14/turn    (no ring)
MPRegen 0.13/turn

%: reflection, rampage
@: flying
A: sickness immunity, AC +9, negative energy resistance 1, electricity
resistance, torment resistance 1, petrification resistance
a: Renounce Religion, Curse Item, Shatter the Chains


You were on level 4 of the Lair of Beasts.
You worshipped Ashenzari.
Ashenzari was pleased with you.
You visited 3 branches of the dungeon, and saw 16 of its levels.
You also visited: Sewer and Bailey.

You collected 953 gold pieces.

Inventory:

Hand Weapons
 a - a +0 flail of flaming
 h - a +3 flail of venom
 u - a +0 heavy hammer
 C - a +0 morningstar (weapon)
Armour
 c - a +1 buckler (worn)
 f - +0 acid dragon scales
 p - a +2 pair of boots of rampaging (worn)
 s - the +0 plate armour "Fibiass" {rElec}
   (You found it on level 4 of the Dungeon)

   rElec:     It insulates you from electricity.
 t - the cursed +2 cloak of the Eye in the Sky (worn) {Will+, Evo, Alch}
   (You took it off Crazy Yiuf on level 2 of the Dungeon)

   It has a curse which improves the following skills: Evocations: Evocations.
   Alchemy:   Poison Magic and Transmutations.
 v - the cursed +0 hat "Gaze Upon Infinity" (worn) {Will+, Alch, Fort}
   (You took it off Gastronok on level 8 of the Dungeon)

   It has a curse which improves the following skills: Alchemy: Poison Magic and
   Transmutations.
   Fortitude: Armour and Shields.
 A - the cursed +0 plate armour "Chagrin of Ashenzari" (worn) {Fly rElec rF+ rC-, Self, Range}
   (You found it on level 7 of the Dungeon)

   rF:        It protects you from fire.
   rC:        It makes you vulnerable to cold.
   rElec:     It insulates you from electricity.
   Fly:       It grants you flight.
   It has a curse which improves the following skills: Introspection: Fighting
   and Spellcasting.
   Ranged Combat: Ranged Weapons and Throwing.
Jewellery
 j - the cursed amulet of the Bound Annoyance (around neck) {Reflect Regen+ Dex+5 SH+5 Stlth-, Bglg, Self}
   (You found it on level 6 of the Dungeon)

   [amulet of reflection]

   It reflects blocked missile attacks.
   Dex:       It affects your dexterity (+5).
   Regen:     It increases your rate of health regeneration.
   SH:        It affects your SH (+5).
   Stlth:     It makes you less stealthy.
   It has a curse which improves the following skills: Beguiling: Conjurations,
   Hexes and Translocations.
   Introspection: Fighting and Spellcasting.
 r - an amulet of magic regeneration
 w - a +5 ring of evasion
 F - a +4 ring of protection (left hand)
 H - a ring of fire
Wands
 l - a wand of polymorph (5)
 n - a wand of roots (32)
 E - a wand of mindburst (6)
Scrolls
 d - a scroll of fear
 x - a scroll of blinking
 y - 4 scrolls of teleportation
 B - 3 scrolls of amnesia
 G - a scroll of enchant armour
Potions
 b - 9 potions of curing
 e - 5 potions of mutation
 g - 2 potions of magic
 i - 2 potions of cancellation
 k - 5 potions of lignification
 m - 5 potions of heal wounds
 o - 8 potions of flight
 q - 5 potions of attraction
 z - 2 potions of invisibility
 D - 2 potions of ambrosia
 I - a potion of brilliance


   Skills:
 - Level 11.8(13.5) Fighting
 * Level 13.5 Maces & Flails
 - Level 7.6(8.8) Armour
 * Level 13.5(14.6) Shields
 - Level 6.2(7.3) Evocations


You had 12 spell levels left.
You didn't know any spells.
Your spell library contained the following spells:

 Spells                   Type           Power      Damage    Failure   Level
 Slow                     Hex            0%         N/A       99%         1
 Static Discharge         Conj/Air       0%         2-2/arc   100%        2
 Confusing Touch          Hex            0%         N/A       100%        3
 Stone Arrow              Conj/Erth      0%         3d7       100%        3
 Vampiric Draining        Necr           0%         2d6       100%        3
 Airstrike                Air            0%         2d(0-16)  100%        4
 Animate Armour           Summ/Erth      0%         N/A       100%        4
 Summon Lightning Spire   Summ/Air       0%         N/A       100%        4
 Dispersal                Tloc           0%         N/A       100%        6
 Disjunction              Tloc           0%         N/A       100%        8
 Lehudib's Crystal Spear  Conj/Erth      0%         10d2      100%        8


Dungeon Overview and Level Annotations

Branches:
Dungeon (10/15) Zot: 26624  Temple (1/1) D:6 Zot: 5955    Lair (5/5) D:9 Zot: 25891
  Swamp (0/4) Lair:3       Spider (0/4) Lair:2        Sewer (visited)
 Bailey (visited)
  Slime: Lair:4-5       Orc: D:9-12

Altars:
Ashenzari
Cheibriados
Dithmenos
Elyvilon
Fedhas
Gozag
Hepliaklqana
Kikubaaqudgha
Makhleb
Nemelex Xobeh
Okawaru
Qazlal
Ru
Sif Muna
Trog
Uskayaw
Vehumet
Wu Jian
Xom
Yredelemnul
Zin
Lugonu


Innate Abilities, Weirdness & Mutations

You are immune to sickness and miasma.
Your stone body is resilient. (AC +9)
You are immune to poison.
You resist negative energy. (rN+)
You are resistant to electric shocks. (rElec)
You are resistant to unholy torment.
You are immune to petrification.


Message History

You block the black mamba's attack.
The skyshark bites you but does no damage.
You block the skyshark's attack.
The skyshark tail-slaps you but does no damage.
The black mamba bites you.
* * * LOW HITPOINT WARNING * * *
As you read the scroll of teleportation, it crumbles to dust.
You feel strangely unstable. The black mamba barely misses you.
The skyshark bites you but does no damage.
You block the skyshark's attack. x2
You impale the skyshark!!
You kill the skyshark!
The black mamba bites you but does no damage.
You block the hell rat's attack. You block the black mamba's attack.
You miss the water moccasin. You block the black mamba's attack.
The water moccasin barely misses you.
The hell rat bites you but does no damage.
You barely miss the water moccasin.
The black mamba bites you but does no damage.
The water moccasin bites you but does no damage.
You block the hell rat's attack. The black mamba barely misses you.
You hit the water moccasin.
The water moccasin is lightly wounded.
The water moccasin bites you but does no damage.
The hell rat bites you but does no damage.
The black mamba bites you!
* * * LOW HITPOINT WARNING * * *
The hell rat bites you but does no damage.
The water moccasin barely misses you.
You closely miss the water moccasin.
Your surroundings suddenly seem different.
A cane toad is nearby!
A cane toad is nearby!
You sock the cane toad!
The cane toad is moderately wounded.
You block the cane toad's attack.
You barely miss the cane toad.
The cane toad is lightly wounded.
The cane toad stings you!
You die...

...##..#P.##
.....#.....#
......P....#
####......##
.P##.......#
...###...#######
....##P..#..##.#####
.....#.............##
................@...##
................F..#.#
...................###
................[...#
©..#......##.......##
©..#...............#
####.#.#...........##
©..######...#.......#
.#.# ###..#.#....##


You could see a cane toad.

Vanquished Creatures
  Gastronok (D:8)
  Snorg (Lair:4)
  A hydra (Lair:2)
  Erica (D:8)
  2 ghost crabs (Lair:3)
  A two-headed ogre (D:10)
  2 boulder beetles (Lair:4)
  3 death yaks (Lair:4)
  2 spectral death yaks (Lair:3)
  A skyshark (Lair:4)
  2 spectral hydras (Lair:3)
  A deep elf zephyrmancer (Bailey)
  Pikel (D:5)
  An orc knight (Bailey)
  3 black mambas
  4 cane toads
  5 komodo dragons
  A rime drake (Lair:3)
  2 trolls (D:9)
  Prince Ribbit (D:7)
  A hornet (D:7)
  12 blink frogs
  A spectral dream sheep (Lair:3)
  2 slime creatures
  2 wyverns
  Sigmund (D:2)
  17 yaks
  A steam dragon (D:8)
  2 redbacks (Lair:2)
  An acid dragon (D:6)
  15 water moccasins
  A spectral blink frog (Lair:3)
  2 black bears (D:8)
  14 orc warriors
  A spectral torpor snail (Lair:3)
  3 ogres
  16 wolves
  2 centaurs
  5 phantoms
  A lemure (D:6)
  4 bullfrogs (Lair:2)
  3 kobold brigands
  4 scorpions
  3 gnoll sergeants
  2 electric eels (D:9)
  6 howler monkeys
  A jelly (D:7)
  4 orc priests
  Crazy Yiuf (D:2)
  7 hounds
  A gnoll bouda (D:4)
  3 iguanas
  Terence (D:2)
  A sleepcap (D:7)
  Ijyb (D:3)
  A hell rat (Lair:5)
  6 orc wizards
  Natasha (thrice) (D:2)
  22 gnolls
  7 adders
  A shadow imp (D:6)
  A white imp (D:6)
  An ufetubus (D:7)
  A worm (D:3)
  5 dart slugs
  41 orcs
  9 ball pythons
  8 bats
  2 endoplasms
  3 giant cockroaches (D:3)
  16 goblins
  4 hobgoblins
  8 jackals
  17 kobolds
  4 quokkas
  3 frilled lizards
  7 rats
  A spectral orc (D:5)
349 creatures vanquished.

Vanquished Creatures (others)
  16 fungi
  7 plants
23 creatures vanquished.

Grand Total: 372 creatures vanquished

Notes
Turn   | Place    | Note
-------+----------+-------------------------------------------
     0 | D:1      | NateTC the Gargoyle Fighter began the quest for the Orb.
     0 | D:1      | Reached XP level 1. HP: 14/14 MP: 1/1
   165 | D:1      | Reached XP level 2. HP: 20/20 MP: 2/2
   215 | D:1      | Reached XP level 3. HP: 24/24 MP: 3/3
   692 | D:2      | Reached skill level 5 in Fighting
   698 | D:2      | Noticed Terence
   721 | D:2      | Killed Terence
   722 | D:2      | Reached XP level 4. HP: 19/31 MP: 4/4
   898 | D:2      | Noticed Natasha
   907 | D:2      | Killed Natasha
  1040 | D:2      | Reached XP level 5. HP: 35/36 MP: 5/5
  1054 | D:2      | Noticed Natasha
  1067 | D:2      | Killed Natasha
  1226 | D:2      | Noticed Sigmund
  1277 | D:2      | HP: 1/37 [something (7)]
  1278 | D:2      | Killed Sigmund
  1279 | D:2      | Reached XP level 6. HP: 1/44 MP: 6/6
  1687 | D:2      | Noticed Natasha
  1697 | D:2      | Killed Natasha
  1797 | D:2      | Found a runed translucent door.
  1798 | D:2      | Noticed Crazy Yiuf
  1861 | D:2      | You fall into a shaft and drop 1 floor!
  2032 | D:3      | Noticed Ijyb
  2094 | D:3      | Killed Ijyb
  2289 | D:3      | Found a glowing drain.
  2307 | Sewer    | Entered a sewer
  2378 | Sewer    | Reached XP level 7. HP: 41/48 MP: 7/7
  2499 | Sewer    | Found a white marble altar of Elyvilon.
  2731 | D:3      | Found a burning altar of Makhleb.
  3297 | D:2      | Killed Crazy Yiuf
  3559 | D:3      | Reached skill level 5 in Maces & Flails
  3908 | D:4      | Found an ancient bone altar of Kikubaaqudgha.
  4017 | D:4      | Reached XP level 8. HP: 49/53 MP: 8/8
  4042 | D:4      | Identified the +0 plate armour "Fibiass" {rElec}
  4235 | D:4      | Found a stormy altar of Qazlal.
  4236 | D:4      | Found a sacrificial altar of Ru.
  4426 | D:5      | Entered Level 5 of the Dungeon
  4446 | D:4      | Reached skill level 5 in Armour
  5234 | D:5      | Found a basalt altar of Yredelemnul.
  5354 | D:6      | Noticed Pikel
  5376 | D:5      | Killed Pikel
  5377 | D:5      | Reached XP level 9. HP: 18/57 MP: 9/9
  6126 | D:6      | Identified the amulet "Ula Hado" {Reflect Regen+ Dex+5 SH+5
                  | Stlth-}
  6168 | D:6      | Found a staircase to the Ecumenical Temple.
  6452 | D:7      | Noticed a hornet
  6468 | D:7      | Killed a hornet
  6469 | D:7      | Reached skill level 5 in Shields
  6630 | D:7      | Noticed Prince Ribbit
  6660 | D:7      | Killed Prince Ribbit
  6983 | Temple   | Entered the Ecumenical Temple
  7118 | D:7      | Identified the +0 plate armour of Hopscotch {Fly rElec rF+
                  | rC-}
  7145 | D:7      | Reached XP level 10. HP: 55/64 MP: 10/10
  7640 | D:8      | Noticed Gastronok
  7664 | D:8      | Killed Gastronok
  7665 | D:8      | Reached skill level 10 in Maces & Flails
  7936 | D:8      | Noticed Erica
  7946 | D:8      | Killed Erica
  7947 | D:8      | Reached skill level 10 in Fighting
  8485 | D:8      | Found a white marble altar of Elyvilon.
  8485 | D:8      | Found an opulent altar of Gozag.
  8485 | D:8      | Found a snail-covered altar of Cheibriados.
  8490 | D:8      | Found a shadowy altar of Dithmenos.
  8492 | D:8      | Found an iron altar of Okawaru.
  8493 | D:8      | Found a shimmering altar of Xom.
  8495 | D:8      | Found a bloodstained altar of Trog.
  8499 | D:8      | Found a hide-covered altar of Uskayaw.
  8500 | D:8      | Found a radiant altar of Vehumet.
  8966 | D:9      | Found a staircase to the Lair.
  9143 | D:9      | Reached XP level 11. HP: 73/73 MP: 11/11
  9284 | D:9      | Identified the +2 dagger of Sease {elec, rPois}
  9697 | D:10     | Entered Level 10 of the Dungeon
  9757 | D:10     | Noticed a two-headed ogre
  9775 | D:10     | Found a broken altar of Ashenzari.
  9780 | D:10     | Killed a two-headed ogre
  9788 | D:10     | Became a worshipper of Ashenzari the Shackled
  9832 | D:10     | Found a flagged portal.
  9846 | Bailey   | Entered a bailey
 10013 | Bailey   | Noticed an orc knight
 10091 | Bailey   | Killed an orc knight
 10229 | Bailey   | Found a large runed translucent door.
 10229 | Bailey   | Found a large runed translucent door.
 10230 | Bailey   | Noticed a deep elf zephyrmancer
 10333 | Bailey   | Killed a deep elf zephyrmancer
 10348 | Bailey   | Identified the orb of Miracles {light, Rampage Will+ Regen+
                  | rCorr}
 10350 | Bailey   | Got the Anthology of the Voyage
 10620 | Lair:1   | Entered Level 1 of the Lair of Beasts
 10893 | Lair:1   | Reached skill level 1 in Evocations
 11498 | Lair:2   | Reached * piety under Ashenzari
 11590 | Lair:2   | Reached XP level 12. HP: 82/82 MP: 12/12
 11844 | Lair:2   | Reached ** piety under Ashenzari
 11954 | Lair:2   | Noticed a six-headed hydra
 11965 | Lair:2   | Killed a six-headed hydra
 12000 | Lair:2   | Reached skill level 10 in Shields
 12018 | Lair:2   | Found a hole to the Spider Nest.
 12450 | Lair:3   | Reached skill level 5 in Evocations
 12514 | Lair:3   | Found a staircase to the Swamp.
 12514 | Lair:3   | Noticed a ghost crab
 12514 | Lair:3   | Noticed a ghost crab
 12528 | Lair:3   | Killed a ghost crab
 12534 | Lair:3   | Killed a ghost crab
 13348 | Lair:4   | Reached XP level 13. HP: 58/88 MP: 13/13
 13383 | Lair:4   | Found a transporter.
 13385 | Lair:4   | Found a transporter.
 13498 | Lair:4   | Noticed Snorg
 13516 | Lair:4   | Killed Snorg
 14603 | Lair:5   | Entered Level 5 of the Lair of Beasts
 14810 | Lair:4   | Slain by a cane toad

Illustrated notes

Levels and vault maps discovered:
D:1:      dpeg_arrival_round_b, layout_loops_ring
D:2:      layout_loops_corners, uniq_natasha, uniq_sigmund,
          uniq_crazy_yiuf_cottage, uniq_terence
D:3:      minmay_diamond_boxcup, layout_basic, lightli_temple_of_fire,
          portal_sewer_entry_f, uniq_ijyb
D:4:      layout_cave_pools, gammafunk_temple_overflow_pools,
          mainiacjoe_overflow_cross_hatched, reono_crystal_passage,
          minmay_checkerbox
D:5:      layout_loops_ring, yredelemnul_forgotten_temple_becter,
          serial_bayou_ford_a
D:6:      layout_rooms, minmay_temple_entry_from_below_b, uniq_pikel
D:7:      layout_loops_ring, uniq_prince_ribbit1
D:8:      layout_loops_corners, nicolae_overflow_hallway_of_the_gods,
          uniq_gastronok, uniq_erica
D:9:      layout_irregular_city, erik_lair_island
D:10:     layout_cave_pods, kennysheep_little_box, evilmike_ruin_ashenzari,
          david_orc_2, enter_bailey_3, uniq_amaemon, uniq_maurice
Temple:   corrupted_temple
Lair:1:   layout_chaotic_city, guppyfry_lair_drakes, grunt_megastairs_5
Lair:2:   layout_long_grid, spider_nest_entry_webs
Lair:3:   layout_big_grid, nicolae_swamp_entry_spooky, lemuel_fruit_tree
Lair:4:   gammafunk_boulding_lane, layout_cave_pods, uniq_snorg
Lair:5:   hellmonk_lair_end_abyssal_woods, layout_hall_layers,
          minmay_slime_entry_pillars, chequers_serial_rivers_small_3,
          nzn_sisyphean_effort, infiniplex_staircase_pool_2

Skill      XL: |  1  2  3  4  5  6  7  8  9 10 11 12 13 |
---------------+----------------------------------------+-----
Fighting       | 4 5 6 7 8 10 11 | 11.8
Maces & Flails | 4 5 7 9 11 12 13 | 13.5
Armour         | 4 7 |  7.6
Shields        | 5 8 12 13 | 13.5
Evocations     | 2 6 |  6.2

Action                     |  1- 3 |  4- 6 |  7- 9 | 10-12 | 13-15 || total
---------------------------+-------+-------+-------+-------+-------++-------
  Melee: Flail             |    88 |   182 |    75 |       |       ||   345
         Unarmed           |       |    21 |       |       |       ||    21
         Mace              |       |       |   324 |   192 |       ||   516
         Morningstar       |       |       |       |   564 |   263 ||   827
 Invoke: Curse Item        |       |       |       |     3 |     1 ||     4
    Use: Scroll            |     1 |     1 |    10 |     8 |     5 ||    25
         Potion            |       |     3 |     3 |     5 |     1 ||    12
   Stab: Fleeing           |       |       |       |       |     1 ||     1
 Armour: Scale mail        |    60 |     2 |       |       |       ||    62
         Plate armour      |       |   251 |   499 |   743 |   270 ||  1763
         Skin              |       |     3 |       |       |       ||     3
  Dodge: Dodged            |    53 |    94 |   208 |   287 |    95 ||   737
  Block: Buckler           |    20 |    60 |   126 |   590 |   240 ||  1036
         Reflection        |       |       |       |     5 |       ||     5

Table legend: (Time is in decaauts)
 A = Elapsed time spent in this place.
 B = Non-inter-level travel time spent in this place.
 C = Inter-level travel time spent in this place.
 D = Time resting spent in this place.
 E = Time spent auto-exploring this place.
 F = Levels seen in this place.
 G = Mean time per level.
                   A        B        C        D        E       F      G
               +--------+--------+--------+--------+--------+-----+--------+
         Total |  15121 |  14486 |    635 |   2740 |   7104 |  18 |  840.1 |
       Dungeon |  10086 |   9670 |    416 |   2286 |   4360 |  10 | 1008.6 |
        Temple |     44 |     29 |     15 |      0 |     21 |   1 |   44.0 |
          Lair |   4107 |   3904 |    203 |    373 |   2512 |   5 |  821.4 |
         Sewer |    362 |    362 |      0 |     73 |    138 |   1 |  362.0 |
        Bailey |    519 |    519 |      0 |      8 |     72 |   1 |  519.0 |
               +--------+--------+--------+--------+--------+-----+--------+

Top non-repeatable levels by time:
     D:2: 1607 daAuts
  Lair:4: 1482 daAuts
     D:8: 1381 daAuts
     D:5: 1195 daAuts
     D:3: 1121 daAuts
     D:7: 1026 daAuts
     D:6: 995 daAuts
  Lair:3: 889 daAuts
  Lair:1: 888 daAuts
     D:4: 883 daAuts
     D:9: 834 daAuts
  Lair:2: 815 daAuts
     D:1: 699 daAuts
  Bailey: 519 daAuts
   Sewer: 362 daAuts
